 Dungeon Crawl Stone Soup version 0.31-a0-229-g1fc7ce93e2 (webtiles) character file.

Game seed: 1099210175667182341

49 qw the Shooter (level 3, 0/21 HPs)
             Began as a Gargoyle Hexslinger on July 6, 2023.
             Slain by a gnoll
             ... wielding a +0 flail
              (5 damage)
             ... on level 2 of the Dungeon.
             The game lasted 00:00:26 (1086 turns).

qw the Shooter (Gargoyle Hexslinger)                Turns: 1086, Time: 00:00:27

Health: 0/21       AC:  6    Str: 11    XL:     3   Next: 77%
Magic:  4/4        EV: 11    Int: 13    God:
Gold:   65         SH:  0    Dex: 14    Spells: 3/4 levels left

rFire   . . .        Y - +1 sling
rCold   . . .        (no shield)
rNeg    + . .        f - +0 leather armour
rPois   inf          (no helmet)
rElec   +            (no cloak)
rCorr   .            (no gloves)
SInv    .            (no boots)
Will    .....        (no amulet)
Stlth   +            (no ring)
HPRegen 0.23/turn    (no ring)
MPRegen 0.09/turn

%: no passive effects
@: no status effects
A: sickness immunity, AC +3, negative energy resistance 1, electricity
resistance, torment resistance 1, petrification resistance
a: no special abilities


You were on level 2 of the Dungeon.
You visited 1 branch of the dungeon, and saw 2 of its levels.

You collected 65 gold pieces.


Innate Abilities, Weirdness & Mutations

You are immune to sickness and miasma.
Your stone body is resilient. (AC +3)
You are immune to poison.
You resist negative energy. (rN+)
You are resistant to electric shocks. (rElec)
You are resistant to unholy torment.
You are immune to petrification.


   Skills:
 - Level 2.0 Fighting
 + Level 3.6 Ranged Weapons
 - Level 1.5 Dodging
 - Level 1.0 Spellcasting
 - Level 2.6 Hexes


You had 3 spell levels left.
You knew the following spells:

 Your Spells              Type           Power      Damage    Failure   Level
a - Slow                  Hex            28%        N/A       12%         1

Your spell library contained the following spells:

 Spells                   Type           Power      Damage    Failure   Level
 Inner Flame              Hex/Fire       4%         N/A       54%         3
 Portal Projectile        Hex/Tloc       8%         N/A       54%         3
 Cause Fear               Hex            3%         N/A       77%         4

Inventory:

Hand Weapons
 Y - a +1 sling (weapon)
Armour
 f - a +0 leather armour (worn)
Potions
 h - a potion of haste {unknown}
 j - a potion of brilliance {unknown}
 l - a potion of magic {unknown}

Dungeon Overview and Level Annotations

Branches:
Dungeon (2/15)

Altars:


Message History

The sling bullet barely misses the gnoll.
The gnoll hits you but does no damage.
A hobgoblin comes into view.
You shoot a sling bullet.
The sling bullet hits the gnoll but does no damage.
The gnoll is heavily wounded.
An endoplasm comes into view.
The gnoll hits you but does no damage. x2
You shoot a sling bullet. The endoplasm quivers.
The sling bullet hits the gnoll.
The gnoll is almost dead.
The gnoll closely misses you.
The gnoll hits you from afar with a +0 spear!
A rat comes into view.
You shoot a sling bullet.
The sling bullet closely misses the gnoll.
The sling bullet hits the hobgoblin.
You kill the hobgoblin!
The gnoll hits you with a +0 whip. The gnoll misses you.
You shoot a sling bullet.
The sling bullet barely misses the gnoll.
The sling bullet hits the rat.
You kill the rat!
You feel your willpower return. The gnoll hits you with a +0 whip.
The gnoll barely misses you. The gnoll hits you but does no damage.
You shoot a sling bullet. The sling bullet hits the gnoll.
You kill the gnoll!
You shoot a sling bullet. The sling bullet hits the gnoll.
The gnoll is moderately wounded.
The gnoll hits you with a +0 club.
You shoot a sling bullet.
The sling bullet hits the gnoll but does no damage.
The gnoll is moderately wounded.
The gnoll hits you with a +0 club.
You shoot a sling bullet. The sling bullet hits the gnoll!
The gnoll is almost dead.
The gnoll barely misses you. The gnoll hits you with a +0 flail.
You die...

#. #.## ...#
#..## #...
#...
#...#######.#
#...@<.......
#..Jgg..#...#
##..gr### #
#.....
##..##. ....
.. ..... ..
#....> ...


You could see 3 gnolls, an endoplasm and a rat.

Vanquished Creatures
  A gnoll (D:2)
  3 ball pythons (D:1)
  3 endoplasms (D:1)
  5 hobgoblins
  11 jackals (D:1)
  2 quokkas (D:1)
  2 bats (D:1)
  2 frilled lizards (D:1)
  2 kobolds (D:1)
  3 rats
34 creatures vanquished.

Notes
Turn   | Place    | Note
-------+----------+-------------------------------------------
     0 | D:1      | qw the Gargoyle Hexslinger began the quest for the Orb.
     0 | D:1      | Reached XP level 1. HP: 12/12 MP: 2/2
     0 | D:1      | 0 ||| qw: Version: 0.3-a-46-gb1f654a
     0 | D:1      | 0 ||| qw: Game counter: 1504
     0 | D:1      | 0 ||| qw: Melee chars always use a shield: true
     0 | D:1      | 0 ||| qw: God list: Okawaru
     0 | D:1      | 0 ||| qw: Allow faded altars: false
     0 | D:1      | 0 ||| qw: Do Orc after clearing Dungeon:15 true
     0 | D:1      | 0 ||| qw: Do second Lair branch before Depths: true
     0 | D:1      | 0 ||| qw: Lair rune preference: random
     0 | D:1      | 0 ||| qw: Goals: Normal
     0 | D:1      | 0 ||| PLANNING D:1-11
   185 | D:1      | Reached XP level 2. HP: 16/16 MP: 3/3
   305 | D:1      | HP: 4/16 [jackal (1)]
   309 | D:1      | Reached skill level 3 in Ranged Weapons
   632 | D:1      | Reached XP level 3. HP: 21/21 MP: 4/4
  1028 | D:1      | 1028 ||| UPGRADING to +0 leather armour.
  1038 | D:1      | 1038 ||| DROPPING +0 robe.
  1039 | D:1      | 1039 ||| READING scroll labelled EDDARIOLLI.
  1040 | D:1      | 1040 ||| READING scroll labelled NYH MIERUSH.
  1041 | D:1      | 1041 ||| READING scroll labelled FUUXKUTENN.
  1042 | D:1      | 1042 ||| READING scroll labelled YSIEBUEWEC.
  1043 | D:1      | 1043 ||| READING scroll labelled VOCSIEMOAK.
  1044 | D:1      | 1044 ||| DROPPING scroll of poison.
  1085 | D:2      | HP: 4/21 [gnoll/+0 club (4)]
  1086 | D:2      | Slain by a gnoll

Levels and vault maps discovered:
D:1:      erik_arrival_triangle_medium, layout_loops_corners
D:2:      layout_basic

Skill      XL: |  1  2  3 |
---------------+----------+-----
Ranged Weapons | 3 |  3.6
Fighting       | 2 |  2.0
Dodging        | |  1.5
Spellcasting   | |  1.0
Hexes          | |  2.6

Action                     || total
---------------------------++-------
   Fire: Sling             ||   120
    Use: Scroll            ||     5
 Armour: Robe              ||    32
         Leather armour    ||     4
  Dodge: Dodged            ||    75

Table legend:
 A = Non-vault XP
 B = Vault XP
 C = Vault XP percentage of total XP
 D = Non-vault monster count
 E = Vault monster count
 F = Vault count percentage of total count
                 A         B        C        D         E       F
            +---------+---------+-------+---------+---------+-------
      Total |      71 |       0 |   0.0 |      34 |       0 |   0.0
            +---------+---------+-------+---------+---------+-------
        D:1 |      54 |       0 |   0.0 |      31 |       0 |   0.0
        D:2 |      17 |       0 |   0.0 |       3 |       0 |   0.0
            +---------+---------+-------+---------+---------+-------
